Map: Ley Lines

Players

Reynor - Winner!

  • Race: Zerg Zerg
  • League: Master
  • Spawn Location: 1:00

LiquidClem (Clem)

  • Race: Terran Terran
  • Spawn Location: 7:00

Event: FEL Cracov 2025

VOD

Have the link to the VOD?

Description

Time

  • Played on: July 27, 2025, 5:29 p.m.
  • Length: 11:29

All games in this series

Show
View Real Time Build Order
Export as new Build Order

Reynor Zerg - Winner!

Build Orders: Hatch First 

Get SALT Encoding   

  12  0:00  Drone  
  13  0:08  Drone  
  14  0:16  Extractor, Drone  
  15  0:22  Overlord  
  15  0:41  Drone  
  16  0:46  Hatchery  
  15  0:50  Drone  
  15  0:53  Drone  
  17  0:57  Drone  
  18  1:08  Extractor  
  17  1:13  Spawning Pool  
  17  1:16  Drone  
  17  1:19  Drone  
  18  1:26  Drone  
  19  1:38  Drone  
  20  1:47  Drone  
  21  1:57  Drone  
  21  2:00  Queen x2  
  26  2:01  Zergling x2  
  27  2:08  Zergling x2  
  27  2:14  Metabolic Boost  
  28  2:27  Overlord  
  27  2:30  Drone  
  27  2:45  Queen  
  27  2:47  Drone x2  
  27  2:48  Hatchery  
  27  2:49  Drone  
  31  2:52  Drone  
  31  2:55  Drone  
  33  2:59  Overlord  
  33  3:03  Drone  
  34  3:10  Queen  
  36  3:18  Zergling x2  
  37  3:20  Drone  
  37  3:24  Queen  
  37  3:25  Drone  
  37  3:26  Drone  
  42  3:28  Drone  
  42  3:31  Overlord  
  43  3:34  Drone  
  43  3:39  Overlord  
  44  3:48  Queen  
  44  3:53  Zergling x8  
  44  3:55  Drone x2  
  52  3:57  Drone  
  52  4:00  Drone x2  
  55  4:05  Queen  
  55  4:08  Overlord  
  57  4:11  Drone  
  57  4:14  Drone x2  
  60  4:18  Overlord  
  60  4:19  Drone  
  60  4:21  Drone  
  60  4:23  Drone  
  63  4:24  Drone  
  63  4:26  Drone  
  65  4:32  Zergling x2  
  65  4:33  Queen  
  65  4:35  Drone  
  65  4:37  Overlord  
  69  4:43  Queen  
  69  4:45  Zergling x4  
  73  4:47  Drone x2  
  73  4:49  Drone  
  73  4:50  Drone  
  76  4:55  Spore Crawler  
  76  4:56  Drone  
  76  4:57  Drone x2  
  78  5:04  Overlord  
  78  5:08  Drone x3  
  78  5:09  Drone  
  78  5:11  Lair  
  82  5:15  Zergling x8  
  82  5:20  Hatchery, Drone  
  86  5:22  Spore Crawler  
  86  5:25  Drone  
  86  5:26  Drone  
  86  5:27  Spore Crawler  
  86  5:29  Spore Crawler, Drone x2  
  86  5:30  Drone  
  86  5:33  Extractor  
  86  5:34  Overlord  
  86  5:35  Drone  
  88  5:38  Spore Crawler  
  88  5:39  Overlord  
  88  5:41  Drone x2  
  90  5:46  Spore Crawler, Zergling x2  
  90  5:47  Zergling x4  
  92  5:54  Zergling x4  
  92  5:55  Queen  
  90  5:58  Zergling x8  
  90  6:02  Zergling x6  
  95  6:07  Drone x2  
  95  6:10  Overlord  
  95  6:11  Drone x2  
  93  6:13  Drone  
  93  6:14  Evolution Chamber  
  93  6:15  Evolution Chamber, Baneling Nest  
  93  6:16  Drone  
  91  6:20  Drone  
  91  6:23  Extractor  
  91  6:25  Drone x2  
  95  6:28  Hatchery  
  95  6:29  Drone  
  95  6:31  Queen  
  95  6:32  Drone  
  96  6:35  Drone  
  96  6:36  Drone  
  98  6:41  Queen  
  98  6:43  Zerg Ground Armor Level 1, Zerg Melee Weapons Level 1  
  98  6:44  Drone x5  
  98  6:45  Zergling x4  
  98  6:46  Zergling x2  
  98  6:47  Zergling x2  
  109  6:49  Zergling x6  
  109  6:52  Drone  
  109  6:53  Overlord  
  113  6:56  Overlord  
  113  7:01  Zergling x4  
  113  7:03  Centrifugal Hooks  
  113  7:05  Baneling x3  
  113  7:07  Drone  
  116  7:11  Zergling x12  
  116  7:14  Baneling x2  
  121  7:18  Zergling x2  
  121  7:19  Zergling x12  
  121  7:22  Hatchery  
  127  7:27  Zergling x10  
  127  7:32  Zergling x4  
  121  7:38  Baneling x6  
  121  7:42  Zergling x12  
  123  7:47  Zergling x8  
  123  7:51  Queen  
  123  7:54  Zergling x12  
  123  7:59  Baneling x9  
  123  8:02  Zergling x8  
  127  8:06  Zergling x2  
  127  8:10  Zergling x2  
  127  8:12  Zergling x12, Spore Crawler  
  134  8:13  Burrow  
  134  8:18  Zergling x8  
  134  8:19  Zergling x2  
  139  8:20  Zergling x4  
  139  8:24  Overlord  
  139  8:27  Hatchery  
  139  8:28  Baneling x5  
  139  8:33  Overlord  
  131  8:35  Zergling x22  
  131  8:40  Zergling x6  
  133  8:42  Zergling x2  
  133  8:44  Zergling x2  
  133  8:45  Baneling  
  133  8:46  Baneling x5  
  134  8:48  Drone x4  
  134  8:49  Drone x3, Queen  
  134  8:50  Zergling x4  
  134  8:51  Zergling x2  
  134  8:53  Zergling x2  
  147  8:55  Zergling x6  
  147  8:58  Baneling  
  147  8:59  Baneling x4  
  147  9:00  Zergling x4  
  149  9:04  Zergling x8  
  149  9:07  Zergling x4  
  152  9:11  Zergling x6  
  152  9:12  Overlord  
  152  9:14  Overlord  
  152  9:16  Baneling x4  
  155  9:17  Overlord  
  154  9:27  Overlord  
  145  9:32  Zergling x34  
  145  9:35  Overseer  
  145  9:37  Queen  
  160  9:40  Zergling x16  
  160  9:45  Zergling x10  
  160  9:48  Overseer, Queen  
  160  9:52  Zergling x8  
  163  9:55  Zergling x2  
  163  9:56  Zergling x2  
  163  9:57  Zergling x2  
  163  9:59  Overlord  
  163  10:00  Zergling x2  
  163  10:02  Spore Crawler  
  163  10:04  Zergling x4  
  163  10:06  Baneling x6  
  165  10:08  Zergling x14  
  165  10:11  Hatchery  
  165  10:12  Zergling x6  
  170  10:16  Zergling x2  
  170  10:18  Queen  
  170  10:19  Zergling x4  
  169  10:23  Zergling x6  
  169  10:28  Drone x3  
  165  10:32  Zergling x14  
  165  10:34  Queen  
  173  10:36  Zergling x6  
  173  10:38  Zergling x4  
  173  10:41  Zergling x4  
  173  10:42  Zergling x2  
  169  10:45  Zergling x2  
  145  10:50  Zergling x6  
  145  10:52  Baneling x8  
  145  10:53  Drone x2  
  145  10:54  Drone  
  151  10:57  Extractor  
  151  11:00  Zergling x4  
  151  11:03  Zergling x12  
  151  11:04  Zergling x10  
  161  11:07  Zergling x4  
  161  11:09  Baneling x6  
Show
View Real Time Build Order
Export as new Build Order

LiquidClem Terran 

Build Orders: Reaper Expand, Hellion Banshee 

Get SALT Encoding   

  12  0:00  SCV  
  13  0:12  SCV  
  14  0:16  Supply Depot  
  14  0:24  SCV  
  15  0:38  SCV  
  15  0:40  Barracks  
  15  0:42  Refinery  
  16  0:50  SCV  
  17  1:02  SCV  
  18  1:14  SCV  
  19  1:26  Reaper  
  19  1:27  Orbital Command  
  20  1:38  Command Center  
  20  1:45  Supply Depot  
  20  1:52  SCV  
  21  1:58  Marine  
  22  2:07  SCV  
  23  2:09  Factory  
  23  2:19  Barracks Reactor  
  23  2:20  SCV  
  24  2:32  SCV  
  25  2:44  SCV  
  25  2:47  Command Center  
  25  2:50  Orbital Command  
  26  2:56  SCV  
  27  3:01  Hellion x2  
  31  3:09  Starport  
  31  3:10  SCV  
  32  3:15  Refinery  
  32  3:16  SCV  
  32  3:18  Barracks Tech Lab  
  33  3:23  SCV  
  33  3:25  Hellion  
  36  3:29  Hellion  
  36  3:32  SCV  
  39  3:35  SCV  
  40  3:44  SCV  
  40  3:46  Marine  
  40  3:47  SCV  
  43  3:51  Banshee  
  46  3:58  Orbital Command, Hellion x2  
  46  3:59  SCV x2  
  52  4:03  Cloaking Field  
  52  4:05  Barracks Tech Lab  
  52  4:11  SCV  
  52  4:12  SCV, Supply Depot  
  54  4:23  SCV  
  55  4:24  SCV  
  55  4:25  Barracks, SCV  
  55  4:29  Factory Reactor, Marine  
  58  4:32  Barracks  
  58  4:35  Banshee  
  58  4:36  SCV  
  58  4:37  Orbital Command  
  62  4:39  Supply Depot  
  62  4:40  SCV  
  62  4:42  Refinery  
  62  4:44  Refinery  
  63  4:47  Marine  
  63  4:48  SCV  
  65  4:52  Engineering Bay  
  65  4:53  Engineering Bay  
  65  4:54  Stimpack  
  65  4:55  SCV  
  66  5:00  SCV  
  66  5:02  SCV  
  66  5:05  Marine  
  69  5:07  SCV  
  69  5:13  SCV, Barracks  
  71  5:14  Barracks  
  71  5:17  Supply Depot, Marine, Factory Reactor  
  70  5:23  Terran Infantry Weapons Level 1, Terran Infantry Armor Level 1  
  70  5:24  Marine  
  70  5:25  SCV  
  70  5:26  SCV  
  73  5:29  SCV  
  73  5:30  Marine  
  73  5:32  Marine  
  76  5:36  Marine  
  76  5:37  Starport Reactor  
  76  5:38  SCV  
  76  5:39  Supply Depot, SCV  
  76  5:40  Marine  
  76  5:42  SCV  
  81  5:44  Marine  
  82  5:50  SCV  
  82  5:51  SCV  
  82  5:52  Supply Depot  
  82  5:54  SCV  
  82  5:55  Marine  
  78  6:01  Marine x2  
  78  6:02  SCV  
  78  6:03  SCV, Marine  
  74  6:06  SCV  
  74  6:08  Marine  
  74  6:10  Widow Mine x2  
  78  6:14  SCV  
  78  6:15  Medivac, SCV  
  78  6:16  Medivac  
  84  6:20  SCV  
  84  6:21  Barracks Reactor x2  
  84  6:23  Marine  
  84  6:24  Marine  
  87  6:27  SCV, Marine  
  87  6:30  SCV  
  87  6:32  SCV  
  91  6:34  Combat Shield, Marine  
  91  6:35  Widow Mine x2  
  91  6:39  SCV  
  97  6:41  Supply Depot  
  97  6:42  SCV  
  97  6:44  SCV  
  97  6:46  Marine  
  100  6:47  Marine, Supply Depot  
  101  6:56  Supply Depot  
  101  7:03  Marine x4, Medivac, SCV x2  
  101  7:07  Supply Depot  
  109  7:09  Marine x5, Medivac  
  109  7:11  Armory  
  109  7:12  Widow Mine x2  
  112  7:20  Barracks, Marine x2  
  112  7:21  Barracks  
  114  7:24  Barracks  
  114  7:25  Marine  
  115  7:32  SCV  
  115  7:33  Medivac  
  111  7:38  Widow Mine, Marine, SCV  
  111  7:41  SCV  
  113  7:44  Medivac  
  113  7:47  Marine  
  113  7:48  Marine  
  116  7:51  SCV  
  116  7:54  Marine x2  
  116  7:57  Marine x4, Widow Mine  
  116  7:58  Marine  
  100  8:00  Supply Depot, Terran Infantry Weapons Level 2  
  100  8:03  Medivac, SCV x2  
  100  8:04  Marine  
  105  8:05  Marine  
  105  8:09  Supply Depot  
  105  8:10  Terran Infantry Armor Level 2  
  105  8:12  Marine x2  
  107  8:14  Marine x2  
  107  8:16  Marine x2  
  107  8:18  Marine  
  113  8:20  SCV  
  113  8:24  Supply Depot  
  113  8:26  Widow Mine x2  
  118  8:32  Medivac, Marine x4  
  104  8:35  Marine x2  
  104  8:37  Marine  
  104  8:39  Marine  
  104  8:40  SCV  
  101  8:41  SCV  
  101  8:44  Marine x3  
  101  8:48  Marine  
  106  8:50  Marine  
  106  8:51  Widow Mine  
  106  8:52  Widow Mine  
  106  8:54  SCV  
  112  8:55  SCV  
  112  8:57  Medivac  
  112  8:59  Marine x2  
  112  9:01  Marine  
  118  9:03  Marine  
  118  9:04  Marine x2  
  118  9:05  Marine  
  118  9:08  Marine  
  118  9:09  Marine x2  
  125  9:13  Orbital Command, Widow Mine  
  125  9:14  Medivac, Marine  
  130  9:22  Marine  
  131  9:24  Marine  
  116  9:31  Marine  
  116  9:33  Marine  
  116  9:35  Marine  
  115  9:42  Widow Mine  
  101  9:53  Medivac x2, Marine x11  
  101  9:56  Widow Mine  
  101  9:57  Marine  
  110  10:03  Supply Depot  
  110  10:07  Supply Depot  
  110  10:11  Marine x5  
  110  10:13  Widow Mine  
  116  10:18  Marine  
  116  10:19  Widow Mine, Orbital Command  
  116  10:22  Marine x4  
  116  10:23  Medivac x2  
  116  10:25  Marine  
  116  10:26  Marine  
  117  10:28  Orbital Command, Marine  
  117  10:33  Marine  
  117  10:34  Widow Mine  
  120  10:37  Marine  
  120  10:39  Marine x2  
  117  10:43  Widow Mine, Marine  
  117  10:45  Marine x2  
  117  10:47  Marine  
  113  10:53  Medivac  
  113  10:55  Marine  
  113  10:56  Widow Mine  
  120  11:04  Widow Mine  
  120  11:11  Marine  
Tags
 
Add a new tag
Caveats
  • Supply blocks, unpowered buildings, or Contaminate may cause inaccurate times.
  • Supply counts are checked every 10 seconds.